[Event "Early-Titled-Tuesday-Blitz-September-05-2023"]
[Site "Chess.com"]
[Date "2023.09.05"]
[Round "6"]
[White "TC2304"]
[Black "ferrufino64"]
[Result "0-1"]
[WhiteElo "2345"]
[BlackElo "2150"]
[TimeControl "180+1"]
[EndTime "9:05:59 PDT"]
[Termination "ferrufino64 won by resignation"]

1. c4 e5 2. Nc3 Nf6 3. g3 d5 4.
cxd5 Nxd5 5. Bg2 Nf6 6. d3 h6 7.
Nf3 Nc6 8. O-O Bd6 9. a3 a5 10.
b3 O-O 11. Bb2 Re8 12. Qd2 Bg4 13. Rfc1 Qd7 14. Nb5 Rad8 15. Nxd6 cxd6 16. b4 axb4 17. axb4 Ra8 18. b5 Ne7 19. Qb4 Be6 20. Ne1 Bd5 21.
Ba3 Bxg2 22. Nxg2 Red8 23. Ne3 Ned5 24. Nxd5 Nxd5 25. Qb3 Nf6 26. b6 Rdc8 27. Bb4 Rxa1 28. Rxa1 Qc6 29. Ba5 Nd7 30. Rb1 Nc5 31. Qb5 Ne6 32.
e3 Qxb5 33. Rxb5 Rc6 34. Rd5 Kf8 35. Kf1 Ke7 36. Ke2 Nc5 37. Bb4 Ke6 38. e4 Nb3 39. Rb5 Nd4+ 40. Ke3 Nxb5 41. f4 f6 42. f5+ Kd7 43. g4 Rxb6 44. h4 Nd4 45. Ba5 Ra6 46.
Be1 Nc2+ 47. Kd2 Nxe1 48. Kxe1 d5 0-1

[Event "Early-Titled-Tuesday-Blitz-September-05-2023"]
[Site "Chess.com"]
[Date "2023.09.05"]
[Round "6"]
[White "AlexPapasimakopoulos"]
[Black "Shield12"]
[Result "0-1"]
[WhiteElo "2733"]
[BlackElo "2959"]
[TimeControl "180+1"]
[EndTime "9:06:00 PDT"]
[Termination "Shield12 won by resignation"]

1. d4 Nf6 2. c4 e6 3. Nc3 Bb4 4. Qc2 d5 5. cxd5 exd5 6. Bg5 h6 7. Bh4 Nc6 8. e3 g5 9. Bg3 h5 10. Bb5 h4 11. Be5 O-O 12. Bxc6 bxc6 13. h3 Ne4 14. Ne2 Ba6 15. O-O Bxc3 16. bxc3 f6 17. Bh2 Qe7 18. Rfe1 Rab8 19. Nc1 Rfe8 20. Nb3 Bc4 21. Rab1 Rb6 22. Na5 Ba6 23. Rxb6 axb6 24. Nxc6 Qd7 25. Nb4 Bc4 26. f3 Ng3 27. Bxg3 hxg3 28. Qg6+ Kh8 29. Qxf6+ Qg7 30. Qc6 Rd8 31. Qe6 Rd6 32. Qg4 c5 33. dxc5 bxc5 34.
Qc8+ Kh7 35. Qxc5 Qxc3 36. Rd1 Rd7 37. h4 g4 38. fxg4 Qf6 39. e4 Qxh4 40. Qxc4 Qh2+ 41.
Kf1 Rf7+ 42. Ke2 dxc4 43. Ke3 Qxg2 0-1

[Event "Early-Titled-Tuesday-Blitz-September-05-2023"]
[Site "Chess.com"]
[Date "2023.09.05"]
[Round "6"]
[White "Bilan_Danila"]
[Black "chess94cu"]
[Result "0-1"]
[WhiteElo "2547"]
[BlackElo "2721"]
[TimeControl "180+1"]
[EndTime "9:06:00 PDT"]
[Termination "chess94cu won by resignation"]

1. d4 Nf6 2. Nf3 e6 3. g3 b6 4. Bg2 Bb7 5. O-O Be7 6. c4 O-O 7. d5 exd5 8. Nh4 Ne4 9. cxd5 Bxh4 10. Bxe4 Bf6 11. Nc3 d6 12. Qd3 h6 13. Qf3 Nd7 14.
Qf5 g6 15. Qh3 h5 16. Bh6 Re8 17. Bf3 Ne5 18. Rad1 Bc8 19. Qg2 Bd7 20. Rfe1 Qc8 21. h4 Bh3 22. Qh1 Bf5 23. Be4 Ng4 24. Bf4 Bxc3 25.
Bxf5 Qxf5 26. bxc3 Re7 27. e4 Qd7 28. Rd2 Rae8 29. Rde2 Qb5 30. Qf3 Qc4 31. Bg5 Rd7 32. Bf4 b5 33. Bg5 c6 34. Bf6 Nxf6 35. Qxf6 cxd5 36. exd5 Rxe2 37. Rxe2 Qxe2 0-1

[Event "Early-Titled-Tuesday-Blitz-September-05-2023"]
[Site "Chess.com"]
[Date "2023.09.05"]
[Round "6"]
[White "Jahonas"]
[Black "The_Princess_Moon"]
[Result "0-1"]
[WhiteElo "2407"]
[BlackElo "2270"]
[TimeControl "180+1"]
[EndTime "9:06:00 PDT"]
[Termination "The_Princess_Moon won by checkmate"]

1. d4 c5 2. Nf3 cxd4 3. Nxd4 Nc6 4. g3 Nf6 5. Bg2 Nxd4 6. Qxd4 d6 7. O-O g6 8. c4 Bg7 9. Nc3 O-O 10. Qd3 a6 11. e4 Be6 12. b3 Qa5 13. Bd2 Qh5 14. h4 Rab8 15. Nd5 Nxd5 16. exd5 Bf5 17. Be4 Bxa1 18. Rxa1 Bxe4 19. Qxe4 Qf5 20. Qe3 b5 21. Bc3 bxc4 22.
bxc4 Rb1+ 23. Rxb1 Qxb1+ 24. Kg2 Re8 25. Qd4 f6 26. a3 Qf5 27. g4 Qe5 28. Qd3 Qf4 29. f3 Kg7 30. Qe2 h5 31. g5 Qxh4 32. gxf6+ Kf7 33. Qe6+ Kf8 34. f7 Qg5+ 35. Kf2 Rb8 36. Ke2 Qf5 37. Qe3 Kxf7 38. Qh6 Qc2+ 39. Bd2 Qxc4+ 40. Kf2 Qd4+ 41. Be3 Rb2+ 42. Kg3 Qe5+ 43. Bf4 Qe1+ 44. Kh3 Qh1+ 45. Kg3 Rg2# 0-1

[Event "Early-Titled-Tuesday-Blitz-September-05-2023"]
[Site "Chess.com"]
[Date "2023.09.05"]
[Round "6"]
[White "tptagain"]
[Black "mishanick"]
[Result "0-1"]
[WhiteElo "2917"]
[BlackElo "3072"]
[TimeControl "180+1"]
[EndTime "9:06:02 PDT"]
[Termination "mishanick won by resignation"]

1. Nf3 d5 2. c4 d4 3. b4 f6 4. e3 e5 5. c5 a5 6. Qa4+ Qd7 7. Bb5 c6 8. Bc4 dxe3 9. fxe3 Qg4 10.
b5 Be6 11. Bb3 Qxa4 12. Bxa4 Bxc5 13. O-O Ne7 14. d4 exd4 15. exd4 Bb6 16. Ba3 cxb5 17. Bxb5+ Nbc6 18. Nc3 O-O-O 19. Na4 Ba7 20. Bc5 Bxc5 21. dxc5 Kc7 22. Nb6 Nd5 23. Rfe1 Bf7 24. Rac1 Rhe8 25. Rxe8 Rxe8 26. Nc4 Re7 27. Bxc6 bxc6 28. Nxa5 Nf4 29. Nd4 Bd5 30. Rb1 Rd7 31. g3 Nd3 32. Rb7+ Kc8 33. Rb6 Nxc5 34. Ndxc6 Kc7 35. Rb7+ Nxb7 0-1

[Event "Early-Titled-Tuesday-Blitz-September-05-2023"]
[Site "Chess.com"]
[Date "2023.09.05"]
[Round "6"]
[White "artooon"]
[Black "Iball95"]
[Result "1-0"]
[WhiteElo "3047"]
[BlackElo "2816"]
[TimeControl "180+1"]
[EndTime "9:06:02 PDT"]
[Termination "artooon won by checkmate"]

1. e4 c5 2. Nf3 e6 3. d4 cxd4 4. Nxd4 Nf6 5. Nc3 Nc6 6. Ndb5 Bc5 7. Bf4 O-O 8. Bc7 Qe7 9. Bd6 Bxd6 10. Qxd6 Qd8 11.
O-O-O a6 12. Nd4 Ne7 13. h4 Ne8 14. Qg3 b5 15. h5 b4 16. Nce2 h6 17. f3 a5 18. Kb1 d6 19. Nb5 d5 20. Nf4 Ba6 21.
exd5 Nxd5 22. Nxd5 exd5 23. Nd4 a4 24. Bxa6 Rxa6 25.
Rhe1 a3 26. b3 Qf6 27. Qe5 Qxe5 28. Rxe5 Nf6 29. Nf5 Re6 30. Rde1 Rfe8 31. Rxe6 fxe6 32. Nd4 Nxh5 33. Rxe6 Rf8 34. Re5 Nf4 35. g3 Ng6 36. Rxd5 Re8 37. Kc1 Re1+ 38. Kd2 Ra1 39. Nc6 Rxa2 40.
Nxb4 Ra1 41. Ra5 Kf7 42. Nd3 Ne7 43. b4 Nc6 44. Ra6 Nd4 45. Kc3 Nxf3 46. b5 Rb1 47. Nb4 Nd2 48. b6 Ne4+ 49. Kc4 Nd6+ 50. Kc5 Ne4+ 51. Kb5 Nd6+ 52. Kc6 Nc4 53. Nd5 Ne5+ 54.
Kc7 Rb2 55. c3 a2 56. b7 Nc4 57. Nb4 a1=Q 58. Rxa1 Rxb4 59. cxb4 Nd6 60. Kxd6 Kf6 61. b8=Q Kf5 62. Qc7 Ke4 63. Qc4+ Kf3 64. Rf1+ Kg2 65.
Qf4 g6 66. Qf3+ Kh2 67. Rh1# 1-0

[Event "Early-Titled-Tuesday-Blitz-September-05-2023"]
[Site "Chess.com"]
[Date "2023.09.05"]
[Round "6"]
[White "Fleetw00dMac"]
[Black "ashwanitiwari"]
[Result "1-0"]
[WhiteElo "2465"]
[BlackElo "2246"]
[TimeControl "180+1"]
[EndTime "9:06:02 PDT"]
[Termination "Fleetw00dMac won by resignation"]

1. d4 f5 2. Nc3 Nf6 3. Bg5 e6 4. e4 fxe4 5. Nxe4 Be7 6. Bxf6 Bxf6 7. Nf3 O-O 8. Bd3 d5 9. Ng3 c5 10. O-O cxd4 11. Nxd4 Nc6 12. c3 e5 13. Nb3 e4 14.
Be2 Be6 15. Nc5 Bf7 16. Nf5 b6 17. Nb3 Be6 18. Nfd4 Nxd4 19. Nxd4 Qd7 20. f3 Bxd4+ 21. Qxd4 exf3 22. Bxf3 Rad8 23. Rad1 Qb5 24. Rfe1 Bf7 25. Rd2 Rfe8 26. Rde2 Rxe2 27. Rxe2 Qc4 28. a3 Qxd4+ 29. cxd4 Rc8 30. Kf2 Kf8 31. Ke1 Rc1+ 32. Kd2 Rh1 33. h3 Rb1 34. Kc3 Rc1+ 35. Kd2 Rc4 36. Ke3 a5 37. Rd2 Rc1 38. Kf4 Ke7 39. h4 Kd6 40. Kg5 Re1 41. Kf4 h6 42. g4 Rf1 43. Kg3 g5 44. hxg5 hxg5 45. Rh2 Be6 46. Rh5 Rb1 47.
Rh2 b5 48. Rc2 Rd1 49. Bxd1 1-0

[Event "Early-Titled-Tuesday-Blitz-September-05-2023"]
[Site "Chess.com"]
[Date "2023.09.05"]
[Round "6"]
[White "Quattroporte300"]
[Black "FREDERICKtheMATE"]
[Result "0-1"]
[WhiteElo "2404"]
[BlackElo "2530"]
[TimeControl "180+1"]
[EndTime "9:06:02 PDT"]
[Termination "FREDERICKtheMATE won on time"]

1. e4 c5 2. Nf3 Nc6 3. c3 Nf6 4. e5 Nd5 5. Bc4 Nb6 6. Bb3 d5 7. exd6 Qxd6 8. d4 cxd4 9. cxd4 Be6 10. O-O Bxb3 11. Qxb3 e6 12. Be3 Be7 13. Nc3 O-O 14. Ne4 Qd5 15. Qxd5 Nxd5 16. Rac1 Rac8 17. Bd2 Rfd8 18. a3 Nf6 19. Nc5 Nxd4 20. Nxd4 Rxd4 21. Be3 Rd5 22. Nxb7 Rb8 23. Rc7 Rd7 24. Rfc1 Rxb7 25. Rxb7 Rxb7 26. Rc8+ Bf8 27. b4 Nd7 28. Ra8 f6 29.
Bxa7 Kf7 30. Be3 Ne5 31. Kf1 Nc4 32. Bc1 Bd6 33. Ke2 Be5 34. Kd3 Nb6 35. Ra6 Nd5 36. g3 g5 37. Bd2 h5 38. h3 Rd7 39.
Kc2 h4 40. gxh4 gxh4 41. Kb3 Bf4 42. Be1 Bg5 43. a4 Nf4 44. b5 Nxh3 45. b6 Ng1 46. Ra7 Ke8 47. b7 Bf4 48. Ra8+ Rd8 49. Ba5 Rb8 50. Kc4 Kd7 51. Rxb8 Bxb8 52. Kb5 h3 53.
Bd2 h2 0-1

[Event "Early-Titled-Tuesday-Blitz-September-05-2023"]
[Site "Chess.com"]
[Date "2023.09.05"]
[Round "6"]
[White "Speshka"]
[Black "suspiciumchess"]
[Result "1-0"]
[WhiteElo "2519"]
[BlackElo "2268"]
[TimeControl "180+1"]
[EndTime "9:06:02 PDT"]
[Termination "Speshka won on time"]

1. e4 g6 2. d4 d6 3. Nc3 c6 4.
f4 d5 5. e5 h5 6. Nf3 Nh6 7.
Bd3 Bf5 8. Bxf5 Nxf5 9. e6 f6 10. Qe2 Na6 11. Bd2 Nc7 12. O-O-O Qd6 13. Rhe1 b5 14.
g3 a5 15. Nh4 Nxh4 16. gxh4 Bh6 17. Qg2 O-O-O 18. Qxg6 Bxf4 19. Qf5 Bxd2+ 20. Rxd2 Rdg8 21. Ne2 Qxe6 22. Ng3 Qxf5 23. Nxf5 Rg4 24. Rxe7 Rhg8 25. Rf2 Rg1+ 26. Kd2 R8g2 27. Nd6+ Kd8 28. Ree2 Rxf2 29. Rxf2 Kd7 30. Nb7 a4 31. Rxf6 Rg2+ 32. Kc3 Rxh2 33. Nc5+ Kd8 34. Rd6+ Kc8 35. Rh6 Rxh4 36. Rh8+ Ne8 37.
Rxe8+ Kc7 38. Re7+ Kd8 39. Rh7 Rh2 40. Nb7+ 1-0

[Event "Early-Titled-Tuesday-Blitz-September-05-2023"]
[Site "Chess.com"]
[Date "2023.09.05"]
[Round "6"]
[White "CFalcons8"]
[Black "AquivaRubinstein"]
[Result "0-1"]
[WhiteElo "2278"]
[BlackElo "2468"]
[TimeControl "180+1"]
[EndTime "9:06:03 PDT"]
[Termination "AquivaRubinstein won by checkmate"]

1. e4 Nf6 2. e5 Nd5 3. d4 d6 4. c4 Nb6 5. exd6 cxd6 6. Nc3 g6 7. Be3 Bg7 8. Rc1 O-O 9. b3 Nc6 10. Nf3 Bg4 11. Be2 d5 12. c5 Nc8 13. h3 Bxf3 14.
Bxf3 e6 15. O-O N8e7 16. Nb5 Nf5 17. g4 a6 18. gxf5 axb5 19. fxe6 fxe6 20. Bg4 Qf6 21. Qd3 h5 22. Be2 Rxa2 23. Ra1 Nb4 24. Qxb5 Rxa1 25. Rxa1 Nc2 26. Rf1 Nxe3 27. fxe3 Qg5+ 28. Kh1 Rxf1+ 29.
Bxf1 Qxe3 30. Qd3 Qf2 31. Bg2 Kh7 32. Qf3 Qxd4 33. Qf7 Qxc5 34. Qxe6 Qc1+ 35. Kh2 Qf4+ 36. Kh1 Be5 37. Qxd5 Qh2# 0-1

[Event "Early-Titled-Tuesday-Blitz-September-05-2023"]
[Site "Chess.com"]
[Date "2023.09.05"]
[Round "6"]
[White "Der_Balak_3Halak"]
[Black "Fh2411"]
[Result "1-0"]
[WhiteElo "2415"]
[BlackElo "2584"]
[TimeControl "180+1"]
[EndTime "9:06:04 PDT"]
[Termination "Der_Balak_3Halak won by resignation"]

1. e4 c6 2. Nf3 d5 3. Nc3 Bg4 4. h3 Bh5 5. exd5 cxd5 6. g4 Bg6 7. Bb5+ Nc6 8. Ne5 Rc8 9. d4 e6 10. h4 f6 11. Nxg6 hxg6 12. Qd3 Kf7 13. Bf4 Bb4 14. a3 Qa5 15. Bd2 a6 16. Bxc6 Rxc6 17. O-O-O Bxc3 18. Bxc3 Qc7 19. h5 gxh5 20. gxh5 Ne7 21. Rdg1 Qf4+ 22. Kb1 Nf5 23. f3 Qe3 24. Qd1 Rc4 25. Re1 Qf4 26.
Qe2 Qd6 27. Bb4 Qc6 28. c3 Re8 29. Qg2 Rxb4 30. Qg6+ Kf8 31. axb4 Re7 32. h6 Nxh6 33. Reg1 Qe8 34. Rxh6 Rf7 35. Rh8+ 1-0

[Event "Early-Titled-Tuesday-Blitz-September-05-2023"]
[Site "Chess.com"]
[Date "2023.09.05"]
[Round "6"]
[White "BigPiano"]
[Black "CraiggoryC"]
[Result "1-0"]
[WhiteElo "2401"]
[BlackElo "2208"]
[TimeControl "180+1"]
[EndTime "9:06:04 PDT"]
[Termination "BigPiano won on time"]

1. d4 e6 2. c4 Nf6 3. g3 d5 4. Bg2 Be7 5. Nf3 O-O 6. O-O dxc4 7. Qc2 a6 8. a4 Bd7 9. Qxc4 Bc6 10. Bg5 a5 11. Nc3 Na6 12. Rfd1 Nb4 13. Qb3 Ne4 14.
Bxe7 Qxe7 15. Rac1 Rfd8 16. Ne5 Nxc3 17. bxc3 Bxg2 18.
Kxg2 Nc6 19. Qxb7 Nxe5 20. dxe5 Qc5 21. Qe4 Rab8 22. Rd4 h6 23. Rcd1 Rxd4 24. Qxd4 Qc6+ 25. f3 Rb2 26. Rd2 Rxd2 27. Qxd2 Qxa4 28. Qd8+ Kh7 29. Qxc7 Qc2 30. Kf2 a4 31. Qa5 Qb3 32. Qa8 a3 33.
Qe4+ g6 34. Qf4 Kg8 35. Qf6 a2 36.
Qd8+ Kh7 37. Qe7 1-0

[Event "Early-Titled-Tuesday-Blitz-September-05-2023"]
[Site "Chess.com"]
[Date "2023.09.05"]
[Round "6"]
[White "Emp3rador"]
[Black "NowInChess"]
[Result "1-0"]
[WhiteElo "2468"]
[BlackElo "2272"]
[TimeControl "180+1"]
[EndTime "9:06:06 PDT"]
[Termination "Emp3rador won on time"]

1. e4 e6 2. d4 d5 3. e5 c5 4. c3 Nc6 5. Nf3 Qb6 6. a3 f6 7. b4 fxe5 8. dxe5 c4 9. Bf4 Nh6 10.
Nbd2 g6 11. h4 Ng4 12. Qe2 Bg7 13. g3 O-O 14. Bh3 Nh6 15. h5 Bd7 16. hxg6 hxg6 17. Bxh6 Bxh6 18. Bxe6+ Bxe6 19. Rxh6 Kg7 20. Rh4 Bf5 21.
Nd4 Nxd4 22. Rxd4 Rae8 23. f4 a5 24. Qe3 axb4 25. axb4 Qe6 26. Nf3 Be4 27. Ng5 Qg4 28. Nxe4 dxe4 29. Rxe4 Ra8 30. Rxa8 Rxa8 31. Rd4 Ra1+ 32.
Kf2 Ra2+ 33. Rd2 Ra1 34. e6 Qh3 35. Qe5+ 1-0

[Event "Early-Titled-Tuesday-Blitz-September-05-2023"]
[Site "Chess.com"]
[Date "2023.09.05"]
[Round "6"]
[White "AttilaTurzo"]
[Black "milovichalex"]
[Result "0-1"]
[WhiteElo "2520"]
[BlackElo "2295"]
[TimeControl "180+1"]
[EndTime "9:06:06 PDT"]
[Termination "milovichalex won by checkmate"]

1. d4 Nf6 2. Nf3 d5 3. Bf4 c5 4. e3 Nc6 5. Nbd2 Qb6 6. dxc5 Qxc5 7. c4 d4 8. a3 dxe3 9. Bxe3 Qf5 10. h3 h6 11. Be2 e5 12. O-O Be7 13. b4 O-O 14. b5 Na5 15. Qa4 b6 16. c5 e4 17. Nd4 Qxc5 18. Ne6 Qe5 19. Nxf8 Bxf8 20. Nc4 Nxc4 21. Bxc4 Bd6 22. g3 Qh5 23. Rfe1 Bxh3 24. Bd4 Bg4 25. Bxf6 gxf6 26. Bf1 Bf3 27. Bg2 Be5 28.
Rac1 Rd8 29. Bxf3 exf3 30. Qe4 Rd4 31. Qe3 Rh4 32. Qxf3 Qxf3 33. g4 Rh1# 0-1

[Event "Early-Titled-Tuesday-Blitz-September-05-2023"]
[Site "Chess.com"]
[Date "2023.09.05"]
[Round "6"]
[White "BogdanDeac"]
[Black "Orest_Vovk"]
[Result "0-1"]
[WhiteElo "3000"]
[BlackElo "2620"]
[TimeControl "180+1"]
[EndTime "9:06:07 PDT"]
[Termination "Orest_Vovk won by checkmate"]

1. b3 Nf6 2. Bb2 Rg8 3. Nf3 g5 4. d4 g4 5. Ne5 d6 6. Nd3 Bf5 7. Nd2 Bh6 8. g3 Ne4 9. Nc4 b5 10. Ne3 Bxe3 11. fxe3 Nf6 12. Bg2 Be4 13. O-O Bxg2 14.
Kxg2 Qd7 15. c4 bxc4 16. bxc4 Qe6 17. Rf4 Qxc4 18. e4 Nbd7 19. Rc1 Qxa2 20. Rxc7 Qa5 21. Qc2 Kd8 22. Rc3 Qa6 23. Nb4 Qb7 24. Nc6+ Ke8 25.
Nxe7 Kxe7 26. Rc7 Rac8 27. Rxb7 Rxc2 28. d5 Rxe2+ 29. Kf1 Rxb2 30. Rxb2 a5 31. Rb7 Ra8 32.
Ke2 a4 33. Kd2 a3 34. Rf1 a2 35. Ra1 Nxe4+ 36. Ke3 Nc5 37. Rb2 Ra3+ 38. Kd4 Ne5 39. Raxa2 Rd3# 0-1

[Event "Early-Titled-Tuesday-Blitz-September-05-2023"]
[Site "Chess.com"]
[Date "2023.09.05"]
[Round "6"]
[White "Haykoooo0o"]
[Black "jeetjain"]
[Result "1-0"]
[WhiteElo "2499"]
[BlackElo "2610"]
[TimeControl "180+1"]
[EndTime "9:06:08 PDT"]
[Termination "Haykoooo0o won on time"]

1. b3 d5 2. Bb2 Bf5 3. e3 e6 4. Nf3 Nf6 5. Be2 Bd6 6. O-O Nbd7 7. c4 c6 8. d3 O-O 9. Nh4 Bg6 10. Nxg6 hxg6 11. Nd2 Qe7 12. a3 g5 13. e4 dxe4 14.
dxe4 Ne5 15. c5 Bc7 16. b4 g6 17. Qc2 Kg7 18. Nc4 Nxc4 19. Bxc4 Rh8 20. e5 Ng4 21. h3 Nh6 22. Rad1 g4 23. Rd3 gxh3 24. Rxh3 Ng4 25. Re1 Rxh3 26. gxh3 Qh4 27. hxg4 Qxg4+ 28. Kf1 Rh8 29. Qe4 Qg5 30. Re3 Qh5 31. Qf3 Qh4 32.
Qf6+ Kg8 33. Qxh4 Rxh4 34. Bb3 g5 35. Rg3 g4 36. Kg2 Kf8 37. Bd1 f5 38. exf6 1-0

[Event "Early-Titled-Tuesday-Blitz-September-05-2023"]
[Site "Chess.com"]
[Date "2023.09.05"]
[Round "6"]
[White "ElenaPershina"]
[Black "HanSchut"]
[Result "1-0"]
[WhiteElo "2320"]
[BlackElo "2233"]
[TimeControl "180+1"]
[EndTime "9:06:09 PDT"]
[Termination "ElenaPershina won by checkmate"]

1. c4 Nf6 2. g3 g6 3. Bg2 d5 4. cxd5 Nxd5 5. d4 Bg7 6. Nc3 Nb6 7. Nf3 Nc6 8. e3 O-O 9. O-O Re8 10. Re1 e5 11. d5 Ne7 12. e4 c6 13. d6 Nf5 14.
exf5 gxf5 15. Bg5 f6 16. Be3 Be6 17. b3 Nd5 18. Nxd5 cxd5 19. Bc5 Bf8 20. Nxe5 fxe5 21. Rxe5 Bxd6 22. Rxe6 Rxe6 23. Bxd5 Bxc5 24. Bxe6+ Kh8 25. Bxf5 Qf6 26. g4 Rd8 27. Qe1 Bb4 28. Qf1 Rd2 29.
Rd1 Rxa2 30. Qc4 Qb2 31. Rd8+ Kg7 32. Qg8+ Kh6 33. g5+ Kh5 34. Qxh7+ Kxg5 35. Qg6+ Kf4 36. Qg4+ Ke5 37. Qe4+ Kf6 38. Qe6+ Kg5 39. Rg8+ Kf4 40. Qe4# 1-0

[Event "Early-Titled-Tuesday-Blitz-September-05-2023"]
[Site "Chess.com"]
[Date "2023.09.05"]
[Round "6"]
[White "Zarinur"]
[Black "Agibileg"]
[Result "0-1"]
[WhiteElo "2521"]
[BlackElo "2669"]
[TimeControl "180+1"]
[EndTime "9:06:10 PDT"]
[Termination "Agibileg won on time"]

1. e4 c5 2. Nf3 e6 3. g3 d5 4.
exd5 exd5 5. d4 Bg4 6. Bg2 Nc6 7. O-O Nxd4 8. Qe1+ Be7 9. Nxd4 cxd4 10. Qe5 Nf6 11. Qxd4 Be6 12. Nc3 O-O 13. Rd1 Rc8 14. Bg5 Bc5 15. Qf4 Be7 16. Rab1 Qa5 17. a3 h6 18. Bxf6 Bxf6 19. Nxd5 Bg5 20. Qb4 Qxb4 21. Nxb4 a5 22. Nd3 Rxc2 23. Bxb7 Rb8 24. Bf3 a4 25.
Nb4 Rc7 26. h4 Bf6 27. Na6 Rcc8 28. Nxb8 Rxb8 29. Bd5 Bf5 30. Rbc1 Bxb2 31. Rc7 Bg6 32. g4 h5 33. gxh5 Bxh5 34. Re1 Bxa3 35. Ra1 Bd6 36.
Rxa4 Bxc7 0-1

[Event "Early-Titled-Tuesday-Blitz-September-05-2023"]
[Site "Chess.com"]
[Date "2023.09.05"]
[Round "6"]
[White "moro182"]
[Black "Polish_fighter3000"]
[Result "0-1"]
[WhiteElo "2846"]
[BlackElo "3092"]
[TimeControl "180+1"]
[EndTime "9:06:11 PDT"]
[Termination "Polish_fighter3000 won by checkmate"]

1. d4 b6 2. e4 Bb7 3. Bd3 d6 4. Nc3 Nd7 5. f4 e5 6. Nf3 exd4 7. Nxd4 g6 8. O-O Bg7 9. Be3 Ngf6 10. Kh1 O-O 11. Bg1 Re8 12. Re1 a6 13. a4 Nc5 14.
Qf3 Qd7 15. a5 b5 16. Rad1 b4 17. Nd5 Nxd5 18. exd5 Rxe1 19. Rxe1 Nxd3 20. cxd3 Re8 21. Rc1 Re7 22. b3 Bxd4 23. Bxd4 Qf5 24. Qf2 Qxd5 25. Bf6 Re6 26. Ba1 c5 27. f5 gxf5 28. Rg1 Rg6 29.
Qh4 f6 30. Qe1 Kf7 31. Qe2 f4 32. Qf2 Qxd3 33. Qe1 f3 34. h3 f2 35. Qxf2 Qxh3# 0-1

[Event "Early-Titled-Tuesday-Blitz-September-05-2023"]
[Site "Chess.com"]
[Date "2023.09.05"]
[Round "6"]
[White "aranibos"]
[Black "falzehope0"]
[Result "0-1"]
[WhiteElo "2262"]
[BlackElo "2456"]
[TimeControl "180+1"]
[EndTime "9:06:11 PDT"]
[Termination "falzehope0 won by resignation"]

1. d4 e6 2. Nf3 d5 3. Bf4 Bd6 4. Bg3 Ne7 5. e3 O-O 6. Bd3 f5 7. Ne5 Bxe5 8. Bxe5 Ng6 9. f4 c5 10. c3 Nc6 11. O-O cxd4 12. exd4 Ncxe5 13. fxe5 Qg5 14. Qd2 Qh4 15. g3 Qh3 16. Qg2 Qh6 17. Kh1 Bd7 18. Nd2 b5 19. Qe2 a6 20. Nf3 Be8 21. a4 Rb8 22.
axb5 axb5 23. Ra6 Bd7 24. Rd6 Rb7 25. h4 Ne7 26. Ng5 Nc8 27. Ra6 Qg6 28. Kh2 h6 29.
Nh3 b4 30. Nf4 Qe8 31. h5 bxc3 32. bxc3 Nb6 33. Ng6 Rf7 34. Ra2 Nc4 35. Bxc4 dxc4 36. g4 fxg4 37. Rxf7 Qxf7 38. Qxg4 Rb1 39. Ra8+ Be8 40.
Nf4 Kh7 41. Kg2 Bc6+ 42. Kh2 Bxa8 43. Qg6+ Qxg6 44. hxg6+ Kg8 45. Nxe6 Rc1 46. Nc7 Be4 47. d5 Rxc3 48. d6 Bxg6 49. e6 Rd3 50. d7 c3 51.
e7 Rxd7 0-1

[Event "Early-Titled-Tuesday-Blitz-September-05-2023"]
[Site "Chess.com"]
[Date "2023.09.05"]
[Round "6"]
[White "KNVB"]
[Black "TatjanaVasilevich"]
[Result "1-0"]
[WhiteElo "2772"]
[BlackElo "2419"]
[TimeControl "180+1"]
[EndTime "9:06:13 PDT"]
[Termination "KNVB won by checkmate"]

1. d4 Nf6 2. Bf4 e6 3. e3 d5 4. Nf3 Bd6 5. Nbd2 b6 6. c3 Bb7 7.
Bd3 Ne4 8. O-O f5 9. Ne5 O-O 10. f3 Nxd2 11. Qxd2 Nd7 12. Nxd7 Qxd7 13. Bxd6 cxd6 14.
f4 b5 15. Qe2 a6 16. g4 g6 17. h4 Kf7 18. h5 Rg8 19. Kf2 gxh5 20. g5 Rg6 21.
Rh1 Kg8 22. Rxh5 Bc6 23. Rah1 Ra7 24. Rh6 e5 25. Qh5 Qf7 26. Qh3 e4 27. Be2 Rxh6 28. gxh6 Qf6 29. Rg1+ Kf8 30. Rg5 Rf7 31. Bh5 Qxh6 32.
Rxf5 Rxf5 33. Qxf5+ Ke7 34. Qf7+ Kd8 35. Kg3 Bd7 36.
Kh4 Qe6 37. Qxe6 Bxe6 38. Kg5 Ke7 39. f5 Bf7 40. f6+ Ke6 41. Bg4# 1-0

[Event "Early-Titled-Tuesday-Blitz-September-05-2023"]
[Site "Chess.com"]
[Date "2023.09.05"]
[Round "6"]
[White "PavelChernomordik"]
[Black "AsaHoffmann"]
[Result "0-1"]
[WhiteElo "2491"]
[BlackElo "2375"]
[TimeControl "180+1"]
[EndTime "9:06:13 PDT"]
[Termination "AsaHoffmann won by resignation"]

1. e4 d6 2. d4 Nf6 3. Nc3 c6 4. Bg5 Nbd7 5. f4 b5 6. Bd3 e5 7. d5 cxd5 8. Nxd5 a6 9. Nf3 Bb7 10. Nxf6+ gxf6 11. Bh4 exf4 12. Qd2 Bh6 13. O-O-O Qb6 14.
g3 Qe3 15. gxf4 Qxd2+ 16. Nxd2 Bxf4 17. Rdf1 Bg5 18. Bg3 Ke7 19. h4 Bxd2+ 20. Kxd2 Ne5 21. h5 Rhg8 22. Bh4 Rg2+ 23. Kd1 Nd7 24. Rf4 Rag8 25. Rhf1 Rg1 26. Kd2 Rxf1 27. Bxf1 Rg1 28. Bh3 Rh1 29. Bxd7 Kxd7 30. Bxf6 Rxh5 31. Bd4 Ke7 32. Kc3 Bc8 33.
Kb4 Be6 34. Ka5 Bxa2 35. Kxa6 b4 36. Kb6 Bb1 37. c3 bxc3 38. Bxc3 Rh2 39. Kc7 Re2 40. Bf6+ Ke6 41. Bc3 Rxe4 42. Rf6+ Ke7 43. Rh6 Rc4+ 44. Kb6 d5 45. Rxh7 Bxh7 0-1

[Event "Early-Titled-Tuesday-Blitz-September-05-2023"]
[Site "Chess.com"]
[Date "2023.09.05"]
[Round "6"]
[White "Larina_Maria"]
[Black "Zheenbekov86"]
[Result "0-1"]
[WhiteElo "2199"]
[BlackElo "2385"]
[TimeControl "180+1"]
[EndTime "9:06:13 PDT"]
[Termination "Zheenbekov86 won by checkmate"]

1. e4 e5 2. Nf3 Nc6 3. Nc3 Nf6 4. Bb5 Bb4 5. O-O O-O 6. d3 Bxc3 7. bxc3 d6 8. Nd2 Ne7 9. d4 Ng6 10. dxe5 dxe5 11. Ba3 Ne7 12. Qe2 c6 13. Ba4 Qc7 14.
c4 c5 15. Bb2 Be6 16. Nf3 Ng6 17. Rad1 Rad8 18. g3 Bg4 19. Qe3 b6 20. c3 h6 21.
Bc2 Rxd1 22. Rxd1 Rd8 23. Rd3 Rxd3 24. Qxd3 Nf8 25. Kg2 Bxf3+ 26. Qxf3 Ne6 27. Bc1 h5 28. Qf5 Qd7 29. h3 Qd6 30. Bh6 gxh6 31. h4 Kg7 32. Kh3 Qd2 33. Qxe5 Qxc2 34. Qf5 Qxe4 35. Qxe4 Nxe4 36.
f3 Nxc3 37. g4 Nxa2 38. gxh5 a6 39. Kg4 b5 40. Kf5 bxc4 41. Ke5 c3 42. f4 c2 43. f5 c1=Q 44. fxe6 Qe3+ 45. Kd6 Qxe6+ 46. Kxc5 Nc3 47. Kd4 Qd5+ 48. Kxc3 a5 49. Kb2 a4 50. Ka3 Qb3# 0-1

[Event "Early-Titled-Tuesday-Blitz-September-05-2023"]
[Site "Chess.com"]
[Date "2023.09.05"]
[Round "6"]
[White "Vuk2000"]
[Black "shimastream"]
[Result "0-1"]
[WhiteElo "2746"]
[BlackElo "2960"]
[TimeControl "180+1"]
[EndTime "9:06:15 PDT"]
[Termination "shimastream won on time"]

1. d4 Nf6 2. Bg5 Nc6 3. Bxf6 gxf6 4. c4 d5 5. Nc3 dxc4 6. e3 Bg7 7. Bxc4 O-O 8.
Nge2 f5 9. O-O Kh8 10. Rb1 e6 11. b4 Ne7 12. Qc2 b6 13. Nf4 Bb7 14. Rbd1 Ng6 15. d5 Qg5 16. Nce2 Nh4 17. Ng3 e5 18. Nh3 Qg6 19. f4 Rae8 20. Bb5 Re7 21. Bc6 Bc8 22. Rf2 Qd6 23. b5 Rg8 24. Kh1 Bh6 25. Qc3 f6 26. Rdf1 Reg7 27. Qc2 Rg4 28. Qe2 Qe7 29. Rg1 Qg7 30. Nf1 Qe7 31. g3 Ng6 32. Qc2 Qd6 33. Re2 Ne7 34. Nf2 R4g7 35. Qd3 exf4 36. exf4 Bxf4 37.
Nh3 Be5 38. Qf3 f4 39. Nxf4 Bg4 40. Qf2 Bxf4 0-1

[Event "Early-Titled-Tuesday-Blitz-September-05-2023"]
[Site "Chess.com"]
[Date "2023.09.05"]
[Round "6"]
[White "frederiksvane"]
[Black "Virgo15"]
[Result "1-0"]
[WhiteElo "2929"]
[BlackElo "2706"]
[TimeControl "180+1"]
[EndTime "9:06:15 PDT"]
[Termination "frederiksvane won on time"]

1. c4 e6 2. Nc3 d5 3. d4 a6 4. cxd5 exd5 5. Bf4 Nf6 6. e3 Bd6 7. Bxd6 Qxd6 8. Bd3 O-O 9. Nf3 Nc6 10. a3 Ne7 11.
Qc2 g6 12. O-O Bf5 13. b4 c6 14. Rab1 Bxd3 15. Qxd3 Nf5 16. a4 b5 17. Rfc1 Qe6 18.
Ne2 bxa4 19. Qc2 a5 20. Qxa4 axb4 21. Qxb4 Ne4 22. Nf4 Qe8 23. Qb6 Nxf2 24. Ne5 f6 25. Qxc6 fxe5 26. Qxd5+ Qf7 27. dxe5 Qxd5 28. Nxd5 Nd3 29.
Rc7 Nxe5 30. e4 Nd4 31. h3 Rf7 32. Rxf7 Kxf7 33. Rb7+ Kf8 34. Rxh7 Ra2 35. Rb7 Ne2+ 36. Kh2 Nd4 37. Kg3 Nc4 38. Rb4 Ne2+ 39. Kg4 Ne5+ 40. Kg5 1-0